 Dungeon Crawl Stone Soup version 0.22-a0-166-g5351223 (webtiles) character file.

2 Amnesiac the Magician (level 1, -2/13 HPs)
             Began as a Mummy Earth Elementalist on Feb 13, 2018.
             Slain by an adder (5 damage)
             ... on level 2 of the Dungeon.
             The game lasted 00:00:28 (41 turns).

Amnesiac the Magician (Mummy Earth Elementalist)      Turns: 41, Time: 00:00:28

Health: -2/13      AC:  2    Str: 11    XL:     1   Next: 33%
Magic:  2/4        EV: 12    Int: 14    God:
Gold:   0          SH:  0    Dex: 12    Spells: 4/5 levels left

rFire    x . .     SeeInvis .   e - +0 spear
rCold    + . .     Gourm    .   (no shield)
rNeg     + + +     Faith    .   c - +0 robe
rPois    ∞         Spirit   .   (no helmet)
rElec    .         Reflect  .   (no cloak)
rCorr    .         Harm     .   (no gloves)
MR       .....                  (no boots)
Stlth    ++........             (no amulet)
HPRegen  0.04/turn              (no ring)
MPRegen  0.09/turn              (no ring)

@: no status effects
A: no food or potions, fire vulnerability, cold resistance 1, negative energy
resistance 3, torment resistance, unbreathing
a: no special abilities


You were on level 2 of the Dungeon.
You were not hungry.

You visited 1 branch of the dungeon, and saw 2 of its levels.

Inventory:

Hand Weapons
 e - a +0 spear (weapon)
Missiles
 b - 28 stones (quivered)
Armour
 c - a +0 robe (worn)
Scrolls
 a - a scroll of blinking {!r, unknown}
Books
 d - a book of Geomancy

   Spells                             Type                      Level
   a - Sandblast                      Earth                        1
   b - Passwall                       Transmutation/Earth          2
   c - Stone Arrow                    Conjuration/Earth            3
   d - Petrify                        Transmutation/Earth          4
   e - Lee's Rapid Deconstruction     Earth                        5


   Skills:
 - Level 1.5 Dodging
 - Level 1.5 Stealth
 + Level 2.6 Spellcasting
   Level 0.7 Transmutations
 * Level 2.6 Earth Magic


You had 4 spell levels left.
You knew the following spells:

 Your Spells              Type           Power        Failure   Level  Hunger
a - Sandblast             Erth           #.....       8%          1    N/A

Dungeon Overview and Level Annotations

Branches:
Dungeon (2/15)

Altars:

Annotations:
D:2 Terence


Innate Abilities, Weirdness & Mutations

You do not eat or drink.
Your flesh is vulnerable to fire.
You are immune to poison.
Your flesh is cold resistant. (rC+)
You are immune to negative energy. (rN+++)
You are immune to unholy pain and torment.
You can survive without breathing.


Message History

Found an escape hatch in the floor.
There is a stone staircase leading down here.
You climb downwards.
A goblin and a kobold come into view.
Found a crooked glass wand, a dagger and 8 gold pieces.
There is a stone staircase leading up here.
A rat comes into view.
A goblin comes into view.
Attack whom?
Press: ? - help, Dir - move target cursor, f - goblin
Aim: a goblin (resting)
You reach to attack!
The helpless goblin fails to defend itself.
You hit the goblin.
You kill the goblin!
The kobold shouts!
The goblin moves out of view.
The kobold throws a stone.
The stone closely misses you.
The kobold throws a stone.
The stone hits you but does no damage.
You see here a stone.
Attack whom?
Press: ? - help, Dir - move target cursor, f - rat
Aim: a rat You reach to attack!
You closely miss the kobold.
The kobold throws a stone.
The stone barely misses you. The rat bites you.
The kobold throws a stone.
The stone closely misses you.
You barely miss the rat.
The kobold throws a stone.
The stone hits you but does no damage. The rat bites you but does no damage.
There is a stone staircase leading up here.
Found a faded altar of an unknown god.
An adder comes into view.
You hit the rat.
You kill the rat!
You closely miss the kobold. The kobold hits you.
* * * LOW HITPOINT WARNING * * *
A kobold comes into view. It is wielding a club.
Found a stone staircase leading up.
Terence the Incautious comes into view.
He is wielding a flail of holy wrath.
The kobold shouts!
The adder hisses angrily.
Found a stone staircase leading down.
Casting: Sandblast (safe; 8% risk of failure)
Confirm with . or Enter, or press ? or * to list all spells.
Aiming: Sandblast (safe; 8% risk of failure)
Press: ? - help, Shift-Dir - straight line, f/p - kobold
Aim: a kobold The blast of sand misses the adder.
The blast of sand hits the kobold.
You kill the kobold!
Training target 2.6 for Earth Magic reached!
You need to enable at least one skill for training.
b - 29 stones Terence shouts!
The adder bites you.
* * * LOW HITPOINT WARNING * * *
The adder bites you but does no damage.
Casting: Sandblast (safe; 8% risk of failure)
Confirm with . or Enter, or press ? or * to list all spells.
Aiming: Sandblast (safe; 8% risk of failure)
Press: ? - help, Shift-Dir - straight line, f - adder
Aim: an adder The blast of sand hits the adder.
The adder is severely wounded.
b - 28 stones The adder bites you.
You die...

.....(..###.....
........#....... .
.........†#..... ..###
............./..
...... #####.(.......g
.<..@.##....<#(.....g.
......K..####.....####
....#..##............
#. #_#.S@.###........
..#..#### .........
#....... .....#...
#....... ...).#.##
#...#.###. #.###.. #
>..##. . #. #. ..


You could see Terence, an adder and a kobold.

Vanquished Creatures
  A kobold (D:2)
  A goblin (D:2)
  A rat (D:2)
3 creatures vanquished.

Vanquished Creatures (others)
  A giant cockroach (D:1)
  2 goblins (D:1)
  A rat (D:1)
4 creatures vanquished.

Grand Total: 7 creatures vanquished

Notes
Turn   | Place    | Note
-------+----------+-------------------------------------------
     0 | D:1      | Amnesiac the Mummy Earth Elementalist began the quest for the Orb.
     0 | D:1      | Reached XP level 1. HP: 13/13 MP: 4/4
    32 | D:2      | Found a faded altar of an unknown god.
    37 | D:2      | Noticed Terence
    41 | D:2      | Slain by an adder

Vault maps used:
D:1:      dpeg_arrival_ternary, lemuel_flame_loot_1
D:2:      chequers_ecumenical_altar_simple, kennysheep_generic_room_4,
          uniq_terence

Action                   || total
-------------------------++-------
Melee: Spear             ||     5
 Cast: Sandblast         ||     2
 Stab: Sleeping          ||     1
Armor: Robe              ||     3
Dodge: Dodged            ||     3

Table legend:
 A = Spawn XP
 B = Non-spawn XP
 C = Spawn XP percentage of total XP
 D = Spawn monster count
 E = Non-spawn monster count
 F = Spawn count percentage of total count
 G = Total turns spent on level
                    A         B        C        D         E        F      G
               +---------+---------+-------+---------+---------+-------+---------
         Total |       0 |       4 |   0.0 |       0 |       3 |   0.0 |    41
               +---------+---------+-------+---------+---------+-------+---------
           D:2 |       0 |       4 |   0.0 |       0 |       3 |   0.0 |    18
               +---------+---------+-------+---------+---------+-------+---------
